[Event "SVK-ch GM 2018"]
[Site "Banska Stiavnica"]
[Date "2018.07.12"]
[Round "6"]
[White "Jurcik, Marian"]
[Black "Zvarik, Martin"]
[Result "0-1"]
[ECO "E38"]
[WhiteElo "2445"]
[BlackElo "2280"]
[Annotator "NA"]
[PlyCount "84"]
[EventDate "2018.07.07"]
[EventType "tourn"]
[EventCountry "SVK"]
[SourceTitle "playchess.com"]
[Source "ChessBase"]
[SourceQuality "1"]
[TimeControl "40/5400+30:1800+30"]

1. d4 Nf6 2. c4 e6 3. Nc3 Bb4 4. Qc2 c5 5. dxc5 Na6 6. a3 Bxc5 7. b4 Be7 8. e4 d6 9. Bd3 Nc7 10. f4 Bd7 11. Nf3 Rc8 12. Qe2 b5 13. cxb5 d5 14. e5 Ne4 15. Bxe4 dxe4 16. Nd4 Nd5 17. Nxd5 exd5 18. Be3 Rc3 19. O-O O-O 20. Rfc1 Rd3 21. Bf2 Qe8 22. Nc6 Bd8 23. Bxa7 g5 24. Nxd8 Qxd8 25. fxg5 Qxg5 26. a4 Kh8 27. Qf2 Rf3 28. Qb2 Be6 29. Kh1 Rd3 30. Qf2 Rg8 31. Qf6+ Qxf6 32. exf6 d4 33. Rd1 Bb3 34. Rg1 e3 35. a5 Bd5 36. Rac1 e2 37. Rce1 Rxg2 38. Rxg2 Rd1 39. Kg1 Rxe1+ 40. Kf2 Rb1 41. Kxe2 Bxg2 42. b6 Bb7 0-1

[Event "SVK-ch GM 2018"]
[Site "Banska Stiavnica"]
[Date "2018.07.12"]
[Round "6"]
[White "Mazur, Stefan"]
[Black "Petrik, Tomas"]
[Result "1/2-1/2"]
[ECO "B03"]
[WhiteElo "2425"]
[BlackElo "2470"]
[Annotator "ChessBase"]
[PlyCount "108"]
[EventDate "2018.07.07"]
[EventType "tourn"]
[EventCountry "SVK"]
[SourceTitle "playchess.com"]
[Source "ChessBase"]
[SourceQuality "1"]
[TimeControl "40/5400+30:1800+30"]

1. e4 Nf6 2. e5 Nd5 3. d4 d6 4. c4 Nb6 5. exd6 exd6 6. h3 Be7 7. Nf3 Nc6 8. Nc3 Bf6 9. Be3 O-O 10. b3 a5 11. Rc1 Bf5 12. Be2 a4 13. O-O Bg6 14. Qd2 axb3 15. axb3 Re8 16. Rfd1 Qd7 17. c5 Nc8 18. d5 Ne5 19. c6 bxc6 20. dxc6 Nxc6 21. Bb5 Rb8 22. Ba4 Nb6 23. Bxb6 cxb6 24. Bb5 Rec8 25. Nd5 Qb7 26. Nxf6+ gxf6 27. Qxd6 Na7 28. Bd7 Rxc1 29. Rxc1 Rd8 30. Rc7 Qb8 31. Nd4 Nc8 32. Qc6 Ne7 33. Qb7 Qxb7 34. Rxb7 Be4 35. Ra7 Ng6 36. Nc6 Rxd7 37. Rxd7 Bxc6 38. Rd6 Ne7 39. Rxf6 b5 40. f3 Bd5 41. Rb6 Bxb3 42. Rxb5 Be6 43. Kf2 Kg7 44. g4 h6 45. Kg3 f6 46. Rb7 Kf8 47. Ra7 Bf7 48. f4 h5 49. f5 hxg4 50. hxg4 Nd5 51. Ra8+ Kg7 52. Ra7 Kf8 53. Ra8+ Kg7 54. Ra7 Kf8 1/2-1/2

[Event "SVK-ch GM 2018"]
[Site "Banska Stiavnica"]
[Date "2018.07.13"]
[Round "7"]
[White "Nayhebaver, Martin"]
[Black "Jurcik, Marian"]
[Result "0-1"]
[ECO "B18"]
[WhiteElo "2478"]
[BlackElo "2445"]
[Annotator "RC"]
[PlyCount "104"]
[EventDate "2018.07.07"]
[EventType "tourn"]
[EventCountry "SVK"]
[SourceTitle "playchess.com"]
[Source "ChessBase"]
[SourceQuality "1"]
[TimeControl "40/5400+30:1800+30"]

1. e4 c6 2. d4 d5 3. Nc3 dxe4 4. Nxe4 Bf5 5. Ng3 Bg6 6. N1e2 Nf6 7. Nf4 e5 8. Nxg6 hxg6 9. dxe5 Qa5+ 10. Bd2 Qxe5+ 11. Qe2 Qxe2+ 12. Bxe2 Nbd7 13. O-O-O Bc5 14. f4 O-O-O 15. Kb1 Nb6 16. c4 Bf2 17. Kc2 Rhe8 18. Bd3 Na4 19. Bc1 Bxg3 20. hxg3 Nc5 21. Rhg1 a6 22. Rd2 Nxd3 23. Rxd3 Re2+ 24. Kd1 Rf2 25. Rxd8+ Kxd8 26. a3 Kd7 27. a4 Nh5 28. g4 Nxf4 29. Be3 Rxg2 30. Rf1 g5 31. Bxf4 gxf4 32. Rxf4 f6 33. Rd4+ Kc8 34. Kc1 a5 35. b3 Kc7 36. c5 Re2 37. Kd1 Re5 38. Rc4 Kd7 39. b4 axb4 40. Rxb4 Kc7 41. Rc4 Re7 42. Rb4 g5 43. Kd2 Re5 44. Rc4 Kb8 45. Kd3 f5 46. gxf5 Rxf5 47. Rc1 Rf3+ 48. Kc4 Rf4+ 49. Kb3 Rf5 50. Kb4 g4 51. Rh1 Rg5 52. Ka5 Ka7 0-1

[Event "SVK-ch GM 2018"]
[Site "Banska Stiavnica"]
[Date "2018.07.13"]
[Round "7"]
[White "Petrik, Tomas"]
[Black "Petenyi, Tamas"]
[Result "1-0"]
[ECO "B00"]
[WhiteElo "2470"]
[BlackElo "2450"]
[Annotator "ChessBase"]
[PlyCount "101"]
[EventDate "2018.07.07"]
[EventType "tourn"]
[EventCountry "SVK"]
[SourceTitle "playchess.com"]
[Source "ChessBase"]
[SourceQuality "1"]
[TimeControl "40/5400+30:1800+30"]

1. e4 Nc6 2. Nf3 Nf6 3. e5 Nd5 4. d4 d6 5. c4 Nb6 6. e6 fxe6 7. Nc3 g6 8. h4 Bg7 9. Be3 e5 10. d5 Nd4 11. Nxd4 exd4 12. Bxd4 Bxd4 13. Qxd4 e5 14. dxe6 O-O 15. h5 Qf6 16. Qxf6 Rxf6 17. e7 Re6+ 18. Kd2 Rxe7 19. hxg6 hxg6 20. Bd3 Bf5 21. Rh6 Rf8 22. f3 Rh7 23. Rxh7 Kxh7 24. Re1 Kg7 25. Re7+ Rf7 26. Rxf7+ Kxf7 27. Nb5 Na8 28. Bxf5 gxf5 29. Nxa7 c6 30. Ke3 Ke6 31. b3 Nb6 32. a4 Nd7 33. a5 c5 34. g4 fxg4 35. fxg4 Ne5 36. g5 d5 37. cxd5+ Kxd5 38. Kf4 c4 39. bxc4+ Nxc4 40. g6 Ke6 41. Kg5 Ne5 42. g7 Kf7 43. Kh6 Kg8 44. Nc8 Nf7+ 45. Kg6 Ne5+ 46. Kf5 Nd7 47. Nb6 Nc5 48. Kf6 Ne4+ 49. Kg6 Nc3 50. Nd7 Nd5 51. Nf6+ 1-0

[Event "SVK-ch GM 2018"]
[Site "Banska Stiavnica"]
[Date "2018.07.13"]
[Round "7"]
[White "Manik, Mikulas"]
[Black "Mazur, Stefan"]
[Result "1/2-1/2"]
[ECO "C45"]
[WhiteElo "2400"]
[BlackElo "2425"]
[Annotator "NA"]
[PlyCount "59"]
[EventDate "2018.07.07"]
[EventType "tourn"]
[EventCountry "SVK"]
[SourceTitle "playchess.com"]
[Source "ChessBase"]
[SourceQuality "1"]
[TimeControl "40/5400+30:1800+30"]

1. e4 e5 2. Nf3 Nc6 3. d4 exd4 4. Nxd4 Nf6 5. Nxc6 bxc6 6. e5 Qe7 7. Qe2 Nd5 8. c4 Ba6 9. b3 g6 10. Bb2 Bg7 11. g3 O-O 12. Bg2 Rae8 13. O-O Bxe5 14. Qxe5 Qxe5 15. Bxe5 Rxe5 16. cxd5 Bxf1 17. Kxf1 cxd5 18. Nc3 c6 19. Rd1 Rb8 20. Bf3 a5 21. Na4 Kf8 22. Nc5 Ke7 23. Rc1 Kd6 24. Rc2 Re7 25. Rc1 Ree8 26. Rc2 Re7 27. Rc1 Ree8 28. Rc2 Re7 29. Rc1 Ree8 30. Rc2 1/2-1/2

[Event "SVK-ch GM 2018"]
[Site "Banska Stiavnica"]
[Date "2018.07.14"]
[Round "8"]
[White "Gazik, Viktor"]
[Black "Petrik, Tomas"]
[Result "0-1"]
[ECO "E14"]
[WhiteElo "2501"]
[BlackElo "2470"]
[Annotator "ChessBase"]
[PlyCount "108"]
[EventDate "2018.07.07"]
[EventType "tourn"]
[EventCountry "SVK"]
[SourceTitle "playchess.com"]
[Source "ChessBase"]
[SourceQuality "1"]
[TimeControl "40/5400+30:1800+30"]

1. d4 e6 2. Nf3 Nf6 3. Nbd2 c5 4. e3 cxd4 5. exd4 b6 6. Bd3 Bb7 7. O-O Be7 8. b3 O-O 9. Bb2 Nc6 10. a3 Rc8 11. Re1 Re8 12. Rc1 Bf8 13. c4 d5 14. c5 a5 15. Bb5 Nd7 16. b4 axb4 17. Bxc6 Bxc6 18. axb4 Qc7 19. Qb3 Rb8 20. Qc3 bxc5 21. dxc5 e5 22. Nxe5 Nxe5 23. Rxe5 Rxe5 24. Qxe5 Qxe5 25. Bxe5 Rxb4 26. h3 f6 27. Bc3 Ra4 28. Nb3 Rc4 29. Na5 Rxc5 30. Nb3 Rc4 31. Na5 Rc5 32. Nb3 Rc4 33. Na5 Ba3 34. Nxc4 Bxc1 35. Ne3 Kf7 36. Bd4 Ke6 37. f4 Bb5 38. Kf2 Bd3 39. g4 Ba3 40. g5 fxg5 41. fxg5 g6 42. h4 Bf5 43. Ng2 Bd6 44. h5 gxh5 45. Ke3 Bg3 46. Nf4+ Bxf4+ 47. Kxf4 h4 48. Bg1 h3 49. Ke3 Be4 50. Bh2 Kf5 51. Bd6 Kxg5 52. Bc7 Kg4 53. Bd6 Bg6 54. Be5 d4+ 0-1

[Event "SVK-ch GM 2018"]
[Site "Banska Stiavnica"]
[Date "2018.07.14"]
[Round "8"]
[White "Jurcik, Marian"]
[Black "Pechac, Jergus"]
[Result "1-0"]
[ECO "B51"]
[WhiteElo "2445"]
[BlackElo "2435"]
[Annotator "ChessBase"]
[PlyCount "75"]
[EventDate "2018.07.07"]
[EventType "tourn"]
[EventCountry "SVK"]
[SourceTitle "playchess.com"]
[Source "ChessBase"]
[SourceQuality "1"]
[TimeControl "40/5400+30:1800+30"]

1. e4 c5 2. Nf3 d6 3. Bb5+ Nd7 4. O-O a6 5. Bd3 Ngf6 6. Re1 e6 7. c3 Be7 8. Bc2 b5 9. d4 cxd4 10. cxd4 Bb7 11. Nbd2 Rc8 12. Bd3 O-O 13. a4 b4 14. a5 Nb8 15. Qe2 h6 16. Nf1 Nh7 17. Bd2 d5 18. e5 Qd7 19. Ng3 Kh8 20. h3 Bc6 21. Qe3 Bb5 22. Bb1 Rg8 23. h4 Nc6 24. Nh5 Rcf8 25. Bxh7 Kxh7 26. Nf6+ Bxf6 27. exf6 g5 28. hxg5 Rg6 29. g3 Rh8 30. Kg2 Kg8 31. Rh1 Qd8 32. Ne5 Nxe5 33. Qxe5 Bd3 34. Ra4 hxg5 35. Rxb4 Rxh1 36. Rb8 Kh7 37. Rxd8 Rgh6 38. Kf3 1-0

[Event "SVK-ch GM 2018"]
[Site "Banska Stiavnica"]
[Date "2018.07.14"]
[Round "8"]
[White "Manik, Mikulas"]
[Black "Zvarik, Martin"]
[Result "0-1"]
[ECO "C42"]
[WhiteElo "2400"]
[BlackElo "2280"]
[Annotator "NA"]
[PlyCount "52"]
[EventDate "2018.07.07"]
[EventType "tourn"]
[EventCountry "SVK"]
[SourceTitle "playchess.com"]
[Source "ChessBase"]
[SourceQuality "1"]
[TimeControl "40/5400+30:1800+30"]

1. e4 e5 2. Nf3 Nf6 3. Nxe5 d6 4. Nf3 Nxe4 5. Qe2 Qe7 6. d3 $11 {[%emt 0:00:02] LiveBook: 1816 Games} Nf6 7. Bg5 Qxe2+ 8. Bxe2 Be7 9. Nc3 h6 10. Bh4 Nbd7 11. Nd4 a6 12. Nf5 Bf8 13. O-O-O g6 14. Ne3 Be7 15. Ned5 Bd8 16. Nxf6+ Nxf6 17. Bf3 c6 18. Rhe1+ Be6 19. d4 d5 20. Na4 g5 21. Bg3 g4 22. Be2 Ne4 23. Be5 O-O 24. Bg3 f5 25. Nc5 Nxc5 26. dxc5 f4 0-1

[Event "SVK-ch GM 2018"]
[Site "Banska Stiavnica"]
[Date "2018.07.15"]
[Round "9"]
[White "Nayhebaver, Martin"]
[Black "Manik, Mikulas"]
[Result "0-1"]
[ECO "B35"]
[WhiteElo "2478"]
[BlackElo "2400"]
[Annotator "RC"]
[PlyCount "74"]
[EventDate "2018.07.07"]
[EventType "tourn"]
[EventCountry "SVK"]
[SourceTitle "playchess.com"]
[Source "ChessBase"]
[SourceQuality "1"]
[TimeControl "40/5400+30:1800+30"]

1. e4 c5 2. Nc3 Nc6 3. Nf3 g6 4. d4 cxd4 5. Nxd4 Bg7 6. Be3 Nf6 7. Bc4 O-O 8. Bb3 d6 9. f3 Bd7 10. Qd2 Nxd4 11. Bxd4 b5 12. a4 bxa4 13. Bxa4 Bxa4 14. Rxa4 Qb8 15. O-O Rc8 16. Ne2 Nd7 17. Bxg7 Kxg7 18. b3 Qb6+ 19. Kh1 Rc7 20. Nf4 Nf6 21. Qd3 Rac8 22. c4 e5 23. Ne2 Nd7 24. Qc3 Rb8 25. b4 Rbc8 26. b5 Nc5 27. Ra5 Nd3 28. Qxd3 Qxa5 29. Qxd6 Rxc4 30. Qxe5+ Kg8 31. Rd1 R4c5 32. Qf6 Rxb5 33. Nd4 Qd2 34. Rg1 Rb6 35. Qe5 Qc3 36. h4 Rd8 37. Rd1 Rbd6 0-1

[Event "SVK-ch GM 2018"]
[Site "Banska Stiavnica"]
[Date "2018.07.15"]
[Round "9"]
[White "Petrik, Tomas"]
[Black "Jurcik, Marian"]
[Result "1/2-1/2"]
[ECO "C50"]
[WhiteElo "2470"]
[BlackElo "2445"]
[Annotator "ChessBase"]
[PlyCount "33"]
[EventDate "2018.07.07"]
[EventType "tourn"]
[EventCountry "SVK"]
[SourceTitle "playchess.com"]
[Source "ChessBase"]
[SourceQuality "1"]
[TimeControl "40/5400+30:1800+30"]

1. e4 e5 2. Nf3 Nc6 3. Bc4 Nf6 4. d3 Bc5 5. O-O O-O 6. c3 d6 7. Bg5 a6 8. a4 h6 9. Bh4 g5 10. Nxg5 hxg5 11. Bxg5 Kg7 12. Qf3 Rh8 13. Nd2 Kg6 14. Be3 Kg7 15. Bg5 Kg6 16. Be3 Kg7 17. Bg5 1/2-1/2

[Event "SVK-ch GM 2018"]
[Site "Banska Stiavnica"]
[Date "2018.07.15"]
[Round "9"]
[White "Zvarik, Martin"]
[Black "Mazur, Stefan"]
[Result "0-1"]
[ECO "C77"]
[WhiteElo "2280"]
[BlackElo "2425"]
[Annotator "NA"]
[PlyCount "52"]
[EventDate "2018.07.07"]
[EventType "tourn"]
[EventCountry "SVK"]
[SourceTitle "playchess.com"]
[Source "ChessBase"]
[SourceQuality "1"]
[TimeControl "40/5400+30:1800+30"]

1. e4 e5 2. Nf3 Nc6 3. Bb5 a6 4. Ba4 Nf6 5. d3 d6 6. h3 g6 7. Be3 Bg7 8. c4 O-O 9. Qd2 Nd7 10. b4 Nd4 11. Nc3 a5 12. Bxd7 Nxf3+ 13. gxf3 axb4 14. Bxc8 bxc3 15. Qxc3 Qxc8 16. Bc1 Qe6 17. a3 f5 18. Be3 c6 19. Qb4 Rf7 20. h4 fxe4 21. fxe4 Qg4 22. h5 d5 23. hxg6 hxg6 24. cxd5 cxd5 25. Ra2 d4 26. Bc1 Qf3 0-1